 Dungeon Crawl Stone Soup version 0.30-a0-360-g447f08457e (webtiles) character file.

Game seed: 8368968104557948675

167 HoaS the Skirmisher (level 5, -4/30 HPs)
             Began as a Kobold Hunter on Nov 13, 2022.
             Killed by nerve-wracking pain
             ... invoked by Grinder
              (10 damage)
             ... on level 3 of the Dungeon.
             The game lasted 00:04:00 (2346 turns).

HoaS the Skirmisher (Kobold Hunter)                 Turns: 2346, Time: 00:04:01

Health: -4/30      AC:  8    Str:  8    XL:     5   Next: 76%
Magic:  5/5        EV: 14    Int: 10    God:
Gold:   1130       SH:  0    Dex: 21    Spells: 4/4 levels left

rFire   . . .      SeeInvis .    a - +0 shortbow
rCold   . . .      Faith    .    (shield currently unavailable)
rNeg    . . .      Spirit   .    c - +1 leather armour
rPois   .          Reflect  .    (no helmet)
rElec   .          Harm     .    (no cloak)
rCorr   .          Rampage  .    (no gloves)
Will    .....                    (no boots)
Stlth   +++.......               i - amulet of regeneration
HPRegen 1.05/turn                d - +4 ring of protection
MPRegen 0.09/turn                (no ring)

@: no status effects
A: small, no large weapons, nightstalker 3
a: no special abilities


You were on level 3 of the Dungeon.
You visited 1 branch of the dungeon, and saw 3 of its levels.

You collected 1130 gold pieces.

Inventory:

Hand Weapons
 a - a +0 shortbow (weapon)
Armour
 c - a +1 leather armour (worn)
Jewellery
 d - a +4 ring of protection (left hand)
 i - an amulet of regeneration (around neck)
Scrolls
 b - a scroll of immolation
 e - 2 scrolls of enchant armour
Potions
 f - a potion of brilliance {unknown}
 g - 2 potions of lignification {unknown}
 j - a potion of mutation {unknown}
 k - a potion of heal wounds {unknown}
 m - 2 potions of degeneration {unknown}


   Skills:
 - Level 2.1 Fighting
 + Level 8.7 Ranged Weapons
 - Level 2.4 Dodging
 - Level 1.3 Stealth


You had 4 spell levels left.
You didn't know any spells.
Your spell library was empty.

Dungeon Overview and Level Annotations

Branches:
Dungeon (3/15)

Altars:
Yredelemnul

Annotations:
D:3 Grinder, Sigmund


Innate Abilities, Weirdness & Mutations

You are small and have problems with some larger weapons.
You are completely attuned to the shadows.


Message History

Grinder is lightly wounded.
You shoot an arrow. The arrow closely misses Grinder.
Grinder hits you but does no damage.
You shoot an arrow. The arrow closely misses Grinder.
Grinder hits you but does no damage.
You shoot an arrow.
The arrow hits Grinder but does no damage.
Grinder is lightly wounded.
Grinder closely misses you.
You shoot an arrow. The arrow hits Grinder.
Grinder is moderately wounded.
Grinder hits you!
You writhe in agony.
You shoot an arrow.
The arrow hits Grinder but does no damage.
Grinder is moderately wounded.
Grinder hits you but does no damage.
Grinder says, "Tell me all your secrets, or I'll kill you."
Grinder barely misses you.
You shoot an arrow. The arrow hits Grinder.
Grinder is moderately wounded.
Grinder closely misses you.
You shoot an arrow.
The arrow hits Grinder but does no damage.
Grinder is moderately wounded.
A frilled lizard comes into view.
Grinder closely misses you.
You shoot an arrow. The arrow closely misses Grinder.
Grinder zaps a wand.
The bolt of light hits you!
Ouch! That really hurt!
* * * LOW HITPOINT WARNING * * *
You shoot an arrow. The arrow hits Grinder!
Grinder is heavily wounded.
Grinder gestures at you. You resist with significant effort.
You shoot an arrow. The arrow barely misses Grinder.
The arrow hits the frilled lizard!
You kill the frilled lizard!
Grinder gestures at you. Pain shoots through your body!
You die...

#### .!† ..# ##†#
#.# ..#
#.######## #5#
#.....†..# #@#
#.######.### ..
#.#####.# #....
..# #.......#
#####
#.###.#####†# ##
.###....#####.#
##.
#........†....###
##.#
#.##.######(...#
##.## #.#.#
#..(.####.##
##..#
#.......#.##


You could see Grinder.

Vanquished Creatures
  Natasha (twice) (D:2)
  Terence (D:2)
  3 gnolls (D:2)
  A worm (D:2)
  A dart slug (D:2)
  An orc (D:3)
  7 endoplasms
  3 goblins
  6 hobgoblins
  4 jackals (D:3)
  2 kobolds
  3 quokkas
  2 ball pythons (D:2)
  6 bats
  7 frilled lizards
  9 rats
58 creatures vanquished.

Notes
Turn   | Place    | Note
-------+----------+-------------------------------------------
     0 | D:1      | HoaS the Kobold Hunter began the quest for the Orb.
     0 | D:1      | Reached XP level 1. HP: 12/12 MP: 1/1
   187 | D:1      | Found a faded altar of an unknown god.
   297 | D:1      | Reached XP level 2. HP: 17/17 MP: 2/2
   308 | D:1      | Reached skill level 6 in Ranged Weapons
   771 | D:1      | Reached XP level 3. HP: 21/21 MP: 3/3
  1075 | D:2      | Found a basalt altar of Yredelemnul.
  1296 | D:2      | Noticed Natasha
  1303 | D:2      | Killed Natasha
  1304 | D:2      | Reached skill level 7 in Ranged Weapons
  1304 | D:2      | Reached XP level 4. HP: 21/26 MP: 4/4
  1510 | D:2      | Noticed Terence
  1518 | D:2      | Killed Terence
  1519 | D:2      | Reached skill level 8 in Ranged Weapons
  1519 | D:2      | Reached XP level 5. HP: 28/30 MP: 5/5
  1671 | D:2      | Noticed Natasha
  1682 | D:2      | Killed Natasha
  2178 | D:3      | Noticed Sigmund
  2310 | D:3      | Identified the +5 scale mail of Classification {rPois rF-
                  | Int+4}
  2312 | D:3      | Identified a scroll of acquirement
  2312 | D:3      | Acquired 1037 gold pieces
  2335 | D:3      | Noticed Grinder
  2346 | D:3      | Killed from afar by Grinder

Illustrated notes

Levels and vault maps discovered:
D:1:      lemuel_arrival_broad_hall, layout_basic,
          ebering_ecumenical_altar_mist, ebering_dispersal_statue_hall,
          chequers_serial_rivers_room_b
D:2:      layout_basic, basic_altar, minmay_misc_feat_roman, minmay_hexomino_p4,
          uniq_natasha, uniq_terence
D:3:      layout_loops_ring, uniq_grinder, uniq_sigmund, uniq_robin

Skill      XL: |  1  2  3  4 |
---------------+-------------+-----
Ranged Weapons | 6 7 8 |  8.7
Fighting       | |  2.1
Dodging        | |  2.4
Stealth        | |  1.3

Action                   |  1- 3 |  4- 6 || total
-------------------------+-------+-------++-------
 Fire: Shortbow          |    65 |    80 ||   145
  Use: Scroll            |     1 |     4 ||     5
Armor: Leather armour    |     2 |    12 ||    14
Dodge: Dodged            |    14 |    36 ||    50

Table legend: (Time is in decaauts)
 A = Elapsed time spent in this place.
 B = Non-inter-level travel time spent in this place.
 C = Inter-level travel time spent in this place.
 D = Time resting spent in this place.
 E = Time spent auto-exploring this place.
 F = Levels seen in this place.
 G = Mean time per level.
                   A        B        C        D        E       F      G
               +--------+--------+--------+--------+--------+-----+--------+
         Total |   2374 |   2281 |     93 |     56 |   1906 |   3 |  791.3 |
       Dungeon |   2374 |   2281 |     93 |     56 |   1906 |   3 |  791.3 |
               +--------+--------+--------+--------+--------+-----+--------+

Top non-repeatable levels by time:
     D:1: 1056 daAuts
     D:2: 1051 daAuts
     D:3: 267 daAuts
